 Dungeon Crawl Stone Soup version 0.17.0 (webtiles) character file.

133 KINGKRU the Skirmisher (level 5, -4/46 HPs)
             Began as a Hill Orc Fighter on Nov 14, 2015.
             Was an Initiate of Makhleb.
             Slain by a gnoll
             ... wielding a +2 spear of venom
              (6 damage)
             ... on level 5 of the Dungeon.
             The game lasted 00:05:41 (1020 turns).

KINGKRU the Skirmisher (Hill Orc Fighter)           Turns: 1020, Time: 00:05:43

Health: -4/46      AC:  7    Str: 25    XL:     5   Next: 16%
Magic:  5/5        EV:  8    Int:  8    God:    Makhleb [......]
Gold:   20         SH: 10    Dex: 10    Spells: 0 memorised, 4 levels left

rFire  . . .     SeeInvis .     a - +0 long sword
rCold  . . .     Clarity  .     b - +0 scale mail
rNeg   . . .     SustAt   .     c - +0 shield
rPois  .         Gourm    .     (no helmet)
rElec  .         Spirit   .     (no cloak)
rCorr  .         Warding  .     (no gloves)
rMut   .         Stasis   .     (no boots)
MR     .....                    (no amulet)
Stlth  ..........               (no ring)
                                (no ring)

@: mighty, lethally poisoned (-4 -> -36), not resistant to hostile enchantments,
extremely unstealthy
A: no striking features
a: Renounce Religion


You were on level 5 of the Dungeon.
You worshipped Makhleb.
Makhleb was noncommittal.
You were hungry.

You visited 1 branch of the dungeon, and saw 5 of its levels.

You collected 20 gold pieces.

Inventory:

Hand Weapons
 a - a +0 long sword (weapon)
Armour
 b - a +0 scale mail (worn)
 c - a +0 shield (worn)
Scrolls
 f - a scroll of fear {unknown}
 l - a scroll of identify {unknown}
 m - a scroll of teleportation {unknown}
 n - a scroll of magic mapping {unknown}
Potions
 i - a potion of cancellation {unknown}
 j - 2 potions of flight {unknown}
 k - a potion of brilliance {unknown}
Comestibles
 e - a bread ration
 g - 2 meat rations
 h - a slice of pizza


   Skills:
 + Level 4.2 Fighting
 + Level 2.5 Long Blades
 + Level 3.9 Armour
 + Level 1.8 Dodging
 + Level 0.5 Stealth
 + Level 4.2 Shields


You had 4 spell levels left.
You didn't know any spells.

Dungeon Overview and Level Annotations

Branches:
Dungeon (5/15)
 Temple: D:4-7

Altars:
Makhleb


Message History

You feel very sick. The gnoll hits you but does no damage.
You block the gnoll's attack.
The gnoll hits you from afar with a spear of venom.
* * * LOW HITPOINT WARNING * * *
You block the gnoll's attack.
Drink which item? (? for menu, Esc to quit)
You feel very mighty all of a sudden.
* * * LOW HITPOINT WARNING * * *
You feel sick. The gnoll hits you but does no damage.
The gnoll hits you from afar with a spear of venom.
* * * LOW HITPOINT WARNING * * *
You are more poisoned.
You block the gnoll's attack.
You barely miss the gnoll.
The gnoll is severely wounded.
* * * LOW HITPOINT WARNING * * *
You feel very sick. The gnoll hits you but does no damage.
The gnoll hits you from afar with a spear of venom.
You die...

## .. .# (# ###.#####.
##################g........
...............(@gg........
##################g..............
#....(.....J....
.................
..##............... ...
#.o............. ..
#............... .
#............... #..........<....


You could see 4 gnolls.

Vanquished Creatures
  An ogre (D:4)
  2 adders (D:2)
  An adder skeleton (D:4)
  10 orcs
  3 goblins
  A hobgoblin (D:1)
  3 bats
  A giant cockroach (D:1)
  2 kobolds (D:1)
24 creatures vanquished.

Notes
Turn   | Place    | Note
--------------------------------------------------------------
     0 | D:1      | KINGKRU the Hill Orc Fighter began the quest for the Orb.
     0 | D:1      | Reached XP level 1. HP: 19/19 MP: 1/1
   182 | D:1      | Reached XP level 2. HP: 20/27 MP: 2/2
   317 | D:2      | Found a burning altar of Makhleb.
   320 | D:2      | Became a worshipper of Makhleb the Destroyer
   376 | D:2      | Reached skill level 4 in Fighting
   376 | D:2      | Reached XP level 3. HP: 13/33 MP: 3/3
   887 | D:4      | Noticed an ogre
   894 | D:4      | Killed an ogre
   894 | D:4      | Reached skill level 1 in Dodging
   894 | D:4      | Reached XP level 4. HP: 40/40 MP: 4/4
   894 | D:4      | Reached XP level 5. HP: 46/46 MP: 5/5
   931 | D:5      | Entered Level 5 of the Dungeon
  1020 | D:5      | HP: 2/46 [poisoned by a gnoll]
  1020 | D:5      | Slain by a gnoll

Action                   |  1- 3 |  4- 6 || total
-------------------------+-------+-------++-------
Melee: Long sword        |    82 |    31 ||   113
  Use: Potion            |       |     1 ||     1
